 Dungeon Crawl Stone Soup version 0.16-a0-269-gd5b6136 (webtiles) character file.

2207 Johnny the Ruinous (level 8, -3/58 HPs)
             Began as a Demigod Conjurer on Aug 26, 2014.
             Slain by a hill giant
             ... wielding a +0 giant spiked club
              (40 damage)
             ... on Level 7 of the Dungeon.
             The game lasted 00:33:25 (9196 turns).

Johnny the Ruinous (Demigod Conjurer)               Turns: 9196, Time: 00:33:26

HP  -3/58        AC  6     Str 12      XL: 8   Next: 89%
MP   1/23        EV 14     Int 22      God:
Gold 101         SH  0     Dex 18      Spells:  5 memorised,  5 levels left

rFire  + . .     SeeInvis .     C - +1 shortbow (flame)
rCold  + . .     Clarity  .     G - +1 robe {rC+ rF+}
rNeg   . . .     rCorr    .     (no shield)
rPois  .         rRot     .     H - +1 helmet
rElec  .         Spirit   .     (no cloak)
SustAb .         Warding  .     (no gloves)
rMut   .         Stasis   .     y - +0 pair of boots
Gourm  .                        (no amulet)
MR     .....                    (no ring)
                                (no ring)

@: very slightly contaminated, not resistant to hostile enchantments, unstealthy
A: no striking features
a: no special abilities


You were on level 7 of the Dungeon.
You were not hungry.

You visited 1 branch of the dungeon, and saw 7 of its levels.

You collected 521 gold pieces.
You spent 420 gold pieces at shops.

Inventory:

Hand weapons
 f - a +0 spear
 C - a +1 shortbow of flaming (weapon)
 J - a +0 dagger of speed
Missiles
 D - 24 arrows (quivered)
Armour
 a - a +0 robe
 w - a +0 leather armour
 y - a +0 pair of boots (worn)
 G - a +1 robe of resistance (worn)
 H - a +1 helmet (worn)
Magical devices
 p - a wand of random effects (14)
 F - a wand of digging (9)
 I - a wand of digging (14)
Comestibles
 b - 2 beef jerkies
 h - 5 bread rations
 B - 3 fruits
Scrolls
 g - 4 scrolls of remove curse
 i - a scroll of amnesia
 m - 2 scrolls of teleportation
 n - a scroll of immolation {unknown}
 o - a scroll of enchant armour {unknown}
 r - a scroll of magic mapping {unknown}
 v - a scroll of random uselessness {unknown}
 A - a scroll of fog {unknown}
 E - 2 scrolls of noise {unknown}
 L - a scroll of enchant weapon {unknown}
Potions
 d - 3 potions of curing
 e - 2 potions of degeneration {unknown}
 j - 3 potions of heal wounds
 k - a potion of restore abilities {unknown}
 l - a potion of magic {unknown}
 q - a potion of mutation {unknown}
 s - 3 potions of flight {unknown}
 t - a potion of agility
 u - a potion of berserk rage {unknown}
 x - a potion of brilliance {unknown}
 z - a potion of lignification {unknown}
Books
 c - a book of Conjurations

   Spells                             Type                      Level
   *Magic Dart                        Conjuration                  1
   *Searing Ray                       Conjuration                  2
   *Dazzling Spray                    Conjuration/Hexes            3
   Fulminant Prism                    Conjuration/Hexes            4
   *Iskenderun's Mystic Blast         Conjuration                  4
   Iskenderun's Battlesphere          Conjuration/Charms           5
 K - a book of the Tempests

   Spells                             Type                      Level
   *Static Discharge                  Conjuration/Air              3
   Lightning Bolt                     Conjuration/Air              5
   Fireball                           Conjuration/Fire             5
   Tornado                            Air                          9
   Shatter                            Earth                        9


   Skills:
 + Level 0.5 Fighting
 + Level 0.3 Polearms
 + Level 4.1 Bows
 + Level 2.1 Armour
 + Level 3.3 Dodging
 + Level 2.3 Stealth
 + Level 5.8 Spellcasting
 + Level 7.2 Conjurations
 + Level 2.6 Hexes


You had 5 spell levels left.
You knew the following spells:

 Your Spells              Type           Power        Failure   Level  Hunger
a - Magic Dart            Conj           ####         1%          1    None
b - Searing Ray           Conj           #####.       1%          2    None
c - Dazzling Spray        Conj/Hex       ####....     4%          3    ##.....
d - Static Discharge      Conj/Air       ###.....     8%          3    ##.....
e - Iskenderun's Mystic   Conj           #####...     6%          4    ####...


Dungeon Overview and Level Annotations

Branches:
Dungeon (7/15)             Temple (0/1) D:5

Shops:
D:6 *


Message History

Firing (i - inventory):
D - 26 arrows (quivered)
Press: ? - help, Shift-Dir - straight line, f/p - Edmund
Aim: Edmund, wielding a runed flail and wearing a leather armour (almost dead, blind)
You shoot an arrow.
The arrow hits Edmund but does no damage.
Edmund is almost dead.
Edmund barely misses you. The hill giant closely misses you.
Read which item? (? for menu, Esc to quit)
Okay, then.
Drink which item? (? for menu, Esc to quit)
You feel much better.
Edmund zaps a wand.
You resist with almost no effort.
Firing (i - inventory):
D - 25 arrows (quivered)
Press: ? - help, Shift-Dir - straight line, f/p - Edmund
Aim: Edmund, wielding a runed flail and wearing a leather armour (almost dead, blind)
You shoot an arrow. The arrow hits Edmund.
The arrow burns Edmund.
You kill Edmund!
Your Bows skill increases to level 4!
The hill giant hits you with a giant spiked club!!!
Ouch! That really hurt!
You die...

#.#....@...#
#.(.@.....#
#..########
#########.(........
#...............## #
#...............# #.
#...............# #.
#...C)..........#####
#...@...........<....
#...............###..
#...............# #..
#...............# #..
#...............# #%.
################# #..
#.. #.. #..


You could see a hill giant.

Vanquished Creatures
  The ghost of PotatoesMaster the Slinger, an average HaHu (D:4)
  Edmund (D:7)
  2 centaurs
  2 phantoms (D:4)
  An ice beast (D:6)
  An orc warrior (D:6)
  2 ogres
  Duvessa (D:6)
  Blork the orc (D:6)
  3 giant frogs (D:6)
  A scorpion (D:6)
  Dowan (D:6)
  A hound (D:4)
  A centaur skeleton (D:5)
  A crimson imp (D:5)
  A goliath beetle (D:6)
  A black bear skeleton (D:6)
  3 iguanas
  3 orc wizards
  6 worker ants
  Natasha (thrice) (D:6)
  A crocodile skeleton (D:6)
  A hound skeleton (D:4)
  11 adders
  4 gnolls (D:5)
  A shadow imp (D:6)
  3 worms
  An adder zombie (D:6)
  2 orc skeletons
  8 giant geckos
  11 orcs
  A ball python (D:5)
  12 bats
  A bat skeleton (D:6)
  A bat zombie (D:6)
  3 giant cockroaches
  15 goblins
  9 hobgoblins
  13 jackals
  12 giant newts
  A gnoll zombie (D:5)
  9 kobolds
  5 quokkas
  13 rats
175 creatures vanquished.

Notes
Turn   | Place    | Note
--------------------------------------------------------------
     0 | D:1      | Johnny, the Demigod Conjurer, began the quest for the Orb.
     0 | D:1      | Reached XP level 1. HP: 14/14 MP: 3/3
   392 | D:1      | Reached XP level 2. HP: 20/20 MP: 1/4
   723 | D:1      | Reached skill level 4 in Conjurations
  1046 | D:2      | Found an iron altar of Okawaru.
  1123 | D:2      | Reached XP level 3. HP: 20/26 MP: 0/8
  1200 | D:2      | Learned a level 2 spell: Searing Ray
  1204 | D:2      | Learned a level 3 spell: Dazzling Spray
  1242 | D:2      | Found a blossoming altar of Fedhas.
  2621 | D:3      | Reached XP level 4. HP: 33/33 MP: 9/11
  2638 | D:3      | Noticed an ogre
  2644 | D:3      | Killed an ogre
  2644 | D:3      | Reached skill level 5 in Conjurations
  2644 | D:3      | Reached XP level 5. HP: 38/38 MP: 0/13
  3849 | D:3      | Found a glowing golden altar of the Shining One.
  3886 | D:4      | Noticed PotatoesMaster's ghost (average HaHu)
  3920 | D:4      | Killed PotatoesMaster's ghost
  3920 | D:4      | Reached XP level 6. HP: 45/45 MP: 3/17
  4262 | D:4      | Reached skill level 6 in Conjurations
  4466 | D:4      | Noticed a phantom
  4504 | D:4      | Killed a phantom
  4504 | D:4      | Reached XP level 7. HP: 13/50 MP: 1/20
  4871 | D:4      | Noticed a phantom
  4892 | D:4      | Killed a phantom
  4892 | D:4      | Reached skill level 1 in Armour
  5229 | D:5      | Entered Level 5 of the Dungeon
  5319 | D:5      | Reached skill level 1 in Hexes
  6324 | D:5      | Found a burning altar of Makhleb.
  6507 | D:5      | Found a staircase to the Ecumenical Temple.
  6603 | D:6      | Reached skill level 5 in Spellcasting
  6732 | D:6      | Found Qorin's Assorted Antiques.
  6776 | D:6      | Reached skill level 1 in Bows
  6776 | D:6      | Reached XP level 8. HP: 42/58 MP: 3/22
  6925 | D:6      | Noticed Natasha
  6931 | D:6      | Killed Natasha
  7059 | D:6      | Noticed Blork the orc
  7071 | D:6      | Killed Blork the orc
  7404 | D:6      | Noticed Duvessa
  7410 | D:6      | Noticed Dowan
  7414 | D:6      | Killed Duvessa
  7681 | D:6      | Noticed Natasha
  7682 | D:6      | Killed Natasha
  7682 | D:6      | Reached skill level 7 in Conjurations
  7805 | D:6      | Killed Dowan
  7940 | D:6      | Noticed Natasha
  7940 | D:6      | Killed Natasha
  8628 | D:6      | Bought a leatherbound book for 420 gold pieces
  8634 | D:6      | Learned a level 3 spell: Static Discharge
  8639 | D:6      | Learned a level 4 spell: Iskenderun's Mystic Blast
  8796 | D:7      | Found a shadowy altar of Dithmenos.
  8948 | D:7      | Noticed a hill giant
  9175 | D:7      | Noticed Edmund
  9196 | D:7      | Killed Edmund
  9196 | D:7      | Slain by a hill giant

Action                   |  1- 3 |  4- 6 |  7- 9 || total
-------------------------+-------+-------+-------++-------
Melee: Spear             |    36 |    22 |     8 ||    66
       Unarmed           |     2 |       |       ||     2
 Fire: Shortbow          |       |       |   144 ||   144
 Cast: Magic Dart        |    94 |    92 |    89 ||   275
       Searing Ray       |     3 |    20 |    62 ||    85
       Dazzling Spray    |       |    10 |    50 ||    60
       Static Discharge  |       |       |     4 ||     4
Evoke: Wand              |       |       |     1 ||     1
  Use: Scroll            |     3 |     1 |     4 ||     8
       Potion            |       |     1 |     1 ||     2
  Eat: Chunk             |     3 |     1 |     7 ||    11
       Bread ration      |     1 |       |       ||     1
       Meat ration       |       |     1 |     1 ||     2
       Pizza             |       |     1 |     1 ||     2
       Royal jelly       |       |       |     1 ||     1
       Fruit             |       |       |     1 ||     1
